 Dungeon Crawl Stone Soup version 0.27.1-33-g824d729ab1 (webtiles) character file.

Game seed: 4782636489948366665

9 comborobin the Covert (level 2, -10/29 HPs)
             Began as a Gnoll Delver on Dec 27, 2021.
             Mangled by a gnoll (15 damage)
             ... on level 4 of the Dungeon.
             The game lasted 00:00:21 (164 turns).

comborobin the Covert (Gnoll Delver)                 Turns: 164, Time: 00:00:21

Health: -10/29     AC:  3    Str: 11    XL:     2   Next: 12%
Magic:  2/2        EV: 13    Int:  9    God:
Gold:   20         SH:  0    Dex: 13    Spells: 1/1 levels left

rFire    . . .     SeeInvis +   a - +0 hand axe
rCold    . . .     Faith    .   (no shield)
rNeg     . . .     Spirit   .   b - +0 leather armour
rPois    .         Reflect  .   (no helmet)
rElec    .         Harm     .   (no cloak)
rCorr    .         Rampage  .   (no gloves)
Will     .....                  (no boots)
Stlth    ++++......             (no amulet)
HPRegen  0.09/turn              l - ring of see invisible
MPRegen  0.08/turn              (no ring)

@: hasted, very quick
A: fangs 1, strong nose, distributed training
a: no special abilities


You were on level 4 of the Dungeon.
You visited 1 branch of the dungeon, and saw 2 of its levels.

You collected 20 gold pieces.

Inventory:

Hand Weapons
 a - a +0 hand axe (weapon)
Armour
 b - a +0 leather armour (worn)
Jewellery
 l - a ring of see invisible (left hand)
Wands
 g - a wand of digging (3)
Scrolls
 c - a scroll of fog
 d - a scroll of magic mapping
 e - a scroll of fear
 h - a scroll of vulnerability {unknown}
 m - a scroll of immolation {unknown}
Potions
 i - a potion of degeneration {unknown}
 j - a potion of heal wounds {unknown}
 k - a potion of ambrosia {unknown}


   Skills:
 + Level 6.4 Fighting
 + Level 0.3 Short Blades
 + Level 0.3 Long Blades
 + Level 4.4 Axes
 + Level 0.3 Maces & Flails
 + Level 0.3 Polearms
 + Level 0.3 Staves
 + Level 0.3 Slings
 + Level 0.3 Bows
 + Level 0.3 Crossbows
 + Level 0.3 Throwing
 + Level 0.3 Armour
 + Level 4.4 Dodging
 + Level 9.5 Stealth
 + Level 0.3 Shields
 + Level 0.3 Unarmed Combat
 + Level 0.3 Spellcasting
 + Level 0.2 Conjurations
 + Level 0.2 Hexes
 + Level 0.2 Summonings
 + Level 0.2 Necromancy
 + Level 0.2 Translocations
 + Level 0.2 Transmutations
 + Level 0.2 Fire Magic
 + Level 0.2 Ice Magic
 + Level 0.2 Air Magic
 + Level 0.2 Earth Magic
 + Level 0.2 Poison Magic
 + Level 0.4 Invocations
 + Level 0.3 Evocations


You had one spell level left.
You didn't know any spells.
Your spell library was empty.

Dungeon Overview and Level Annotations

Branches:
Dungeon (5/15)
 Temple: D:4-7

Altars:
Okawaru
Sif Muna

Annotations:
D:5 1 runed translucent door


Innate Abilities, Weirdness & Mutations

You have very sharp teeth.
Your uncanny sense of smell can sniff out nearby items.
Your experience applies equally to all skills.


Message History

l - a ring of see invisible (left hand)
(D) Dungeon
Where to? (? - help)
There is a stone staircase leading up here.
You climb upwards.
Found a scroll labelled VOIWEU RYTUE.
There is a stone staircase leading down here.
Found a shimmering blue altar of Sif Muna.
No target in view!
m - a scroll labelled VOIWEU RYTUE No target in view!
A gnoll comes into view.
It is wielding a +0 flail. 2 gnolls come into view.
Found an iron altar of Okawaru.
The gnoll shouts! x2
The gnoll closely misses you. x2
There are monsters nearby!
There are monsters nearby!
You completely miss the gnoll. You hit the gnoll.
The gnoll hits you with a +0 flail.
The gnoll hits you from afar with a +0 halberd.
You hit the gnoll. You bite the gnoll, but do no damage.
The gnoll is severely wounded.
You barely miss the gnoll. The gnoll closely misses you. x2
The gnoll hits you from afar with a +0 halberd.
You completely miss the gnoll.
The gnoll is severely wounded.
You barely miss the gnoll. The gnoll barely misses you.
The gnoll completely misses you. The gnoll barely misses you.
The gnoll hits you with a +0 whip.
Found a scroll of fear.
Okay, then.
You feel yourself speed up. The gnoll barely misses you.
The gnoll closely misses you. The gnoll barely misses you.
The gnoll hits you with a +0 halberd.
* * * LOW HITPOINT WARNING * * *
The gnoll hits you with a +0 halberd!
Ouch! That really hurt!
You die...

# .. #.# ###. #.##.#
.... ∆#..#.# .....
#########....#
.....##.._#_..##.#.##
......#...#...#.....#
#######....#.........#
#........#####...#...#
#.#####..@....####...#
##..g...#####..#####
#......#..........#
#.######....>.....+ ∆
###.######..........#
#....ggg......#.#####
#.#.#########.#...
#.#.# #.####.# ? #.#
#.# #


You could see a gnoll.

Vanquished Creatures
  An adder (D:5)
1 creature vanquished.

Notes
Turn   | Place    | Note
-------+----------+-------------------------------------------
     0 | D:5      | Reached skill level 9 in Stealth
     0 | D:5      | comborobin the Gnoll Delver began the quest for the Orb.
     0 | D:5      | Reached XP level 1. HP: 23/23 MP: 1/1
    62 | D:5      | Reached XP level 2. HP: 29/29 MP: 2/2
    87 | D:5      | Found a runed translucent door.
   117 | D:4      | Found a shimmering blue altar of Sif Muna.
   131 | D:4      | Found an iron altar of Okawaru.
   164 | D:4      | Mangled by a gnoll

Illustrated notes

Levels and vault maps discovered:
D:4:      layout_basic, marbit_many_paths, nicolae_overflow_quartered_altars,
          serial_shops, shop, minmay_box_of_dots, uniq_pikel, uniq_duvessa,
          uniq_edmund, uniq_ijyb
D:5:      cheibrodos_iron_armory, layout_rooms, temple_green, serial_shops,
          nicolae_shop_statue_plus, ebering_ghost_sewer_f,
          minmay_misc_feat_enclosed, chequers_serial_rivers_small_a,
          hangedman_abyss_or_decor_stabs, kennysheep_cross_bottleneck,
          uniq_prince_ribbit1

Skill      XL: | |
---------------+-+-----
Stealth        | |  9.5
Fighting       | |  6.4
Short Blades   | |  0.3
Long Blades    | |  0.3
Axes           | |  4.4
Maces & Flails | |  0.3
Polearms       | |  0.3
Staves         | |  0.3
Slings         | |  0.3
Bows           | |  0.3
Crossbows      | |  0.3
Throwing       | |  0.3
Armour         | |  0.3
Dodging        | |  4.4
Shields        | |  0.3
Unarmed Combat | |  0.3
Spellcasting   | |  0.3
Conjurations   | |  0.2
Hexes          | |  0.2
Summonings     | |  0.2
Necromancy     | |  0.2
Translocations | |  0.2
Transmutations | |  0.2
Fire Magic     | |  0.2
Ice Magic      | |  0.2
Air Magic      | |  0.2
Earth Magic    | |  0.2
Poison Magic   | |  0.2
Invocations    | |  0.4
Evocations     | |  0.3

Action                   || total
-------------------------++-------
Melee: Hand axe          ||     4
       Bite              ||     1
  Use: Potion            ||     1
 Stab: Sleeping          ||     1
Dodge: Dodged            ||    10
